 Dungeon Crawl Stone Soup version 0.30-a0-42-g806c11bf1d (webtiles) character file.

Game seed: 18217645415784226034

22 Nattfarinn the Stinger (level 2, -6/22 HPs)
             Began as a Naga Venom Mage on Aug 30, 2022.
             Mangled by Natasha (7 damage)
             ... on level 1 of the Dungeon.
             The game lasted 00:01:40 (1440 turns).

Nattfarinn the Stinger (Naga Venom Mage)            Turns: 1440, Time: 00:01:40

Health: -6/22      AC:  1    Str: 10    XL:     2   Next: 91%
Magic:  2/5        EV:  9    Int: 15    God:
Gold:   39         SH:  0    Dex: 11    Spells: 4/5 levels left

rFire   . . .      SeeInvis +    (no weapon)
rCold   . . .      Faith    .    (no shield)
rNeg    . . .      Spirit   .    a - +0 robe
rPois   +          Reflect  .    (no helmet)
rElec   .          Harm     .    (no cloak)
rCorr   .          Rampage  .    (no gloves)
Will    .....                    (no barding)
Stlth   ++........               (no amulet)
HPRegen 0.07/turn                (no ring)
MPRegen 0.09/turn                (no ring)

@: very slow
A: AC +0, large, see invisible, deformed body, poison resistance, slowness 2,
spit poison 1, naga tail 1
a: Spit Poison


You were on level 1 of the Dungeon.
You visited 1 branch of the dungeon, and saw 2 of its levels.

You collected 39 gold pieces.

Inventory:

Armour
 a - a +0 robe (worn)
Jewellery
 g - a ring of protection from cold
Scrolls
 c - a scroll of enchant armour
 h - 3 scrolls of identify
Potions
 b - a potion of magic
 d - a potion of curing {unknown}
 e - a potion of attraction {unknown}
 f - a potion of mutation {unknown}


   Skills:
 - Level 1.5 Dodging
 - Level 3.0 Stealth
 + Level 2.3 Spellcasting
 - Level 1.4 Transmutations
 * Level 4.7 Poison Magic


You had 4 spell levels left.
You knew the following spells:

 Your Spells              Type           Power      Damage    Failure   Level
a - Sting                 Tmut/Pois      44%        1d5       6%          1

Your spell library contained the following spells:

 Spells                   Type           Power      Damage    Failure   Level
 Poisonous Vapours        Pois/Air       16%        N/A       12%         2
 Olgreb's Toxic Radiance  Pois           16%        N/A       30%         4
 Mephitic Cloud           Conj/Pois/Air  6%         N/A       32%         3
 Call Canine Familiar     Summ           1%         N/A       54%         3
 Portal Projectile        Hex/Tloc       2%         N/A       54%         3
 Leda's Liquefaction      Hex/Erth       0%         N/A       91%         4


Dungeon Overview and Level Annotations

Branches:
Dungeon (2/15)

Altars:

Annotations:
D:1 Natasha


Innate Abilities, Weirdness & Mutations

Your serpentine skin is tough. (AC +0)
You have supernaturally acute eyesight. (SInv)
Armour fits poorly on your strangely shaped body.
Your system is resistant to poisons. (rPois)
You cover ground very slowly.
You can spit poison.
You have a snake-like lower body.


Message History

Key pressed, stopping explore.
You open the door.
There is an open door here.
There is an open door here.
Key pressed, stopping explore.
Partly explored, can't reach some places.
Partly explored, can't reach some places.
Partly explored, can't reach some places.
(D) Dungeon
Where to? (? - help)
There is a stone staircase leading down here.
You climb downwards.
Found 8 stones and a scroll labelled SIAKHLO WATS.
There is a stone staircase leading up here.
There are monsters nearby!
The sting misses Natasha.
Natasha claws you!
The hobgoblin shouts!
The sting hits Natasha but does no damage.
Natasha is poisoned.
Natasha casts a spell.
The sting misses the shadow imp.
Natasha stares at you and mumbles some strange words.
You resist with significant effort. The hobgoblin hits you.
The shadow imp hits you.
You are too injured to fight recklessly!
You are too injured to fight recklessly!
You are too injured to fight recklessly!
The shadow imp hits you.
* * * LOW HITPOINT WARNING * * *
Natasha barely misses you. The hobgoblin hits you.
* * * LOW HITPOINT WARNING * * *
You climb upwards.
The shadow imp disappears in a puff of smoke!
There is a stone staircase leading down here.
Okay, then.
As you read the scroll labelled SIAKHLO WATS, it crumbles to dust.
It is a scroll of identify.
c - a scroll of enchant armour Natasha claws you!
You die...

### #....#.#.#.# #.#.#.#
#########....#.#.#.#
#.....#
..........##.#.#.#.#
#.....#
.##...#......#.#...#
#.#.#.#
.####.#......#'#####
#.....# .#
#..........#...#####.....#
.#
###..........#....##.#.#.#
.#
#.........#h####..#.....#
######........##@#
##.#.....#
###...........##g#
#.......#
.########...####.#
######### .P#P###....##
#.# ~.#.P#..##.#####.#
~..#.##..........#
P.##.#..##.#######
.P#P.P.##### .####..#


You could see Natasha (poisoned) and a hobgoblin.

Vanquished Creatures
  2 ball pythons (D:1)
  2 bats (D:1)
  3 endoplasms (D:1)
  A giant cockroach (D:1)
  A goblin (D:1)
  5 hobgoblins (D:1)
  A frilled lizard (D:1)
  A kobold (D:1)
  4 rats (D:1)
20 creatures vanquished.

Notes
Turn   | Place    | Note
-------+----------+-------------------------------------------
     0 | D:1      | Nattfarinn the Naga Venom Mage began the quest for the Orb.
     0 | D:1      | Reached XP level 1. HP: 15/15 MP: 3/3
   288 | D:1      | Reached XP level 2. HP: 22/22 MP: 3/5
   803 | D:1      | Found a faded altar of an unknown god.
  1434 | D:2      | Noticed Natasha
  1438 | D:2      | HP: 1/22 [hobgoblin (3)]
  1440 | D:1      | Mangled by Natasha

Illustrated notes

Levels and vault maps discovered:
D:1:      dpeg_arrival_round_a, layout_rooms, serial_curves, eino_curves_02,
          eino_curves_03, dreamdust_ecumenical_altar_hidden_monk_grotto,
          columned_hall_lemuel, roderic_serpentine_path, minmay_hedge_maze
D:2:      layout_loops_ring, basic_altar, uniq_natasha, uniq_crazy_yiuf_cottage

Action                   || total
-------------------------++-------
Melee: Unarmed           ||    16
 Cast: Sting             ||    47
  Use: Scroll            ||     1
Armor: Robe              ||    10
Dodge: Dodged            ||    15

Table legend: (Time is in decaauts)
 A = Elapsed time spent in this place.
 B = Non-inter-level travel time spent in this place.
 C = Inter-level travel time spent in this place.
 D = Time resting spent in this place.
 E = Time spent auto-exploring this place.
 F = Levels seen in this place.
 G = Mean time per level.
                   A        B        C        D        E       F      G
               +--------+--------+--------+--------+--------+-----+--------+
         Total |   1715 |   1684 |     31 |      0 |   1495 |   2 |  857.5 |
       Dungeon |   1715 |   1684 |     31 |      0 |   1495 |   2 |  857.5 |
               +--------+--------+--------+--------+--------+-----+--------+

Top non-repeatable levels by time:
     D:1: 1711 daAuts
     D:2: 4 daAuts
